 Dungeon Crawl Stone Soup version 0.27-a0-836-gfc908b8576 (webtiles) character file.

Game seed: 10704363252906595737

117 goulibeur the Skirmisher (level 4, 0/42 HPs)
             Began as a Draconian Berserker on Oct 23, 2020.
             Was a Believer of Trog.
             Slain by Robin
             ... wielding a +0 mace
              (2 damage)
             ... on level 1 of the Dungeon on Mar 31, 2021.
             The game lasted 00:14:25 (1865 turns).

goulibeur the Skirmisher (Draconian Berserker)      Turns: 1865, Time: 00:14:26

Health: 0/42       AC:  5    Str: 19    XL:     4   Next: 71%
Magic:  4/4        EV: 12    Int:  8    God:    Trog [**....]
Gold:   93         SH:  0    Dex: 11    Spells: 3/3 levels left

rFire    . . .     SeeInvis .   a - +0 short sword
rCold    . . .     Faith    .   (no shield)
rNeg     . . .     Spirit   .   (armour unavailable)
rPois    .         Reflect  .   (helmet restricted)
rElec    .         Harm     .   (no cloak)
rCorr    .         Rampage  .   (no gloves)
Will     .....                  (no boots)
Stlth    +.........             (no amulet)
HPRegen  0.14/turn              (no ring)
MPRegen  0.09/turn              (no ring)

@: no status effects
A: AC +5, unfitting armour, cold-blooded
a: Renounce Religion, Berserk, Trog's Hand


You were on level 1 of the Dungeon.
You worshipped Trog.
Trog was pleased with you.
You visited 1 branch of the dungeon, and saw 2 of its levels.

You collected 93 gold pieces.

Inventory:

Hand Weapons
 a - a +0 short sword (weapon)
Jewellery
 b - a ring of wizardry
Scrolls
 d - 6 scrolls of identify {unknown}
 g - a scroll of vulnerability {unknown}
 h - a scroll of enchant armour {unknown}
 j - a scroll of immolation {unknown}
Potions
 c - a potion of might {unknown}
 e - a potion of resistance {unknown}
 f - 2 potions of magic {unknown}
 i - a potion of flight {unknown}


   Skills:
 * Level 5.3 Fighting
 - Level 3.0 Short Blades
 + Level 3.5 Dodging


You had 3 spell levels left.
You didn't know any spells.
Your spell library was empty.

Dungeon Overview and Level Annotations

Branches:
Dungeon (2/15)

Altars:

Annotations:
D:1 Natasha, Robin


Innate Abilities, Weirdness & Mutations

Your plain brown scales are hard. (AC +5)
You cannot fit into any form of body armour.
You are cold-blooded and may be slowed by cold attacks.


Message History

Robin is moderately wounded.
Robin barely misses you.
The white imp sputters.
You hit Robin. You tail-slap Robin, but do no damage.
Robin is heavily wounded.
Robin hits you with a +0 mace.
The crimson imp blinks!
You hit Robin.
Robin is severely wounded.
Robin barely misses you.
You hit Robin.
Robin is severely wounded.
Robin closely misses you.
You barely miss Robin.
Robin is severely wounded.
The white imp disappears in a puff of smoke!
Robin hits you with a +0 mace!
You hit Robin but do no damage.
Robin is severely wounded.
Robin closely misses you.
You hit Robin but do no damage. You tail-slap Robin, but do no damage.
Robin is severely wounded.
You hit Robin but do no damage.
Robin is severely wounded.
Robin hits you with a +0 mace.
You hit Robin but do no damage.
Robin is severely wounded.
Robin hits you with a +0 mace!
You hit Robin but do no damage.
Robin is severely wounded.
Robin hits you with a +0 mace!
* * * LOW HITPOINT WARNING * * *
The crimson imp blinks!
You barely miss Robin.
Robin is severely wounded.
Robin hits you with a +0 mace.
* * * LOW HITPOINT WARNING * * *
You hit Robin.
Robin is almost dead.
Robin hits you with a +0 mace.
You die...

#......## #.....#.#
#.#.....####.....#.#
#.#..............#..
#.......###.........
###(...## #..÷.[.###
#.#.## #.####.# #
#.#.# #.# #.# #
#.#(#####.# #.# #
#@#.##....# #.# #
#g#.##....## #.# #
##h#........###.###
#.§................
#..##........).....
#)>####......#...##
#..## #..........).
####...#
#.##...#...##
#......#
#.###.##...##


You could see Robin and Natasha.

Vanquished Creatures
  An iguana (D:2)
  Jessica (D:2)
  An adder (D:2)
  A worm (D:2)
  2 dart slugs (D:1)
  A removed leopard gecko (D:1)
  3 bats (D:1)
  An endoplasm (D:2)
  A ghost (D:1)
  A giant cockroach (D:1)
  12 goblins
  8 hobgoblins
  3 frilled lizards
  4 kobolds (D:1)
  6 rats
46 creatures vanquished.

Notes
Turn   | Place    | Note
-------+----------+-------------------------------------------
     0 | D:1      | goulibeur the Draconian Berserker began the quest for the
                  | Orb.
     0 | D:1      | Reached XP level 1. HP: 19/19 MP: 1/1
   336 | D:1      | Reached XP level 2. HP: 26/27 MP: 2/2
   474 | D:1      | Upgraded the game from 0.26-a0-651-gb41185065b to
                  | 0.27-a0-836-gfc908b8576
   508 | D:1      | Reached skill level 4 in Fighting
   871 | D:1      | Reached XP level 3. HP: 33/33 MP: 3/3
  1137 | D:2      | Noticed Jessica
  1145 | D:2      | Killed Jessica
  1146 | D:2      | Reached XP level 4. HP: 30/41 MP: 4/4
  1269 | D:2      | Reached skill level 5 in Fighting
  1412 | D:2      | Reached ** piety under Trog
  1547 | D:2      | Noticed Robin
  1569 | D:2      | Noticed Natasha
  1864 | D:1      | HP: 2/42 [Robin/+0 mace (5)]
  1865 | D:1      | Slain by Robin

Illustrated notes

Levels and vault maps discovered:
D:1:      lightli_arrival_flooded_house, layout_loops_ring
D:2:      layout_rooms, amethyst_overflow_temple_binary, minmay_pentomino_t4,
          uniq_jessica, uniq_natasha, uniq_robin

Skill      XL: |  1  2  3  4 |
---------------+-------------+-----
Fighting       | 4 5 |  5.3
Dodging        | 3 |  3.5
Short Blades   | |  3.0

Action                   |  1- 3 |  4- 6 || total
-------------------------+-------+-------++-------
Melee: Short sword       |    83 |    72 ||   155
       Tailslap          |     5 |    11 ||    16
Invok: Berserk           |     1 |       ||     1
 Stab: Sleeping          |     1 |       ||     1
Armor: Skin              |    20 |    17 ||    37
Dodge: Dodged            |    57 |    43 ||   100

Table legend: (Time is in decaauts)
 A = Elapsed time spent in this place.
 B = Non-inter-level travel time spent in this place.
 C = Inter-level travel time spent in this place.
 D = Time resting spent in this place.
 E = Time spent auto-exploring this place.
 F = Levels seen in this place.
 G = Mean time per level.
                   A        B        C        D        E       F      G
               +--------+--------+--------+--------+--------+-----+--------+
         Total |   1864 |   1849 |     15 |    712 |    799 |   2 |  932.0 |
       Dungeon |   1864 |   1849 |     15 |    712 |    799 |   2 |  932.0 |
               +--------+--------+--------+--------+--------+-----+--------+

Top non-repeatable levels by time:
     D:1: 1294 daAuts
     D:2: 570 daAuts
